Description

This build aims to do game-ending damage by using a multipronged timing attack. A minedrop in the main, whilst running the hellions into the natural to make a nice drone BBQ.

Replay - LiquidTLO v TYTY: Game 1 - Dusk Towers

Build Order

Get SALT Encoding   

  12  0:00  SCV  
  13  0:12  SCV  
  14  0:16  Supply Depot  
  14  0:25  SCV  
  15  0:38  SCV  
  15  0:39  Barracks  
  16  0:43  Refinery  
  16  0:50  SCV  
  17  1:02  SCV  
  18  1:14  SCV  
  19  1:26  Reaper, Orbital Command  
  20  1:38  Command Center  
  20  1:47  Supply Depot  
  20  1:52  SCV  
  21  1:58  Marine  
  22  2:03  Factory  
  22  2:06  SCV  
  23  2:16  Refinery  
  23  2:18  SCV  
  23  2:21  Barracks Reactor  
  26  2:53  Starport  
  26  2:54  Orbital Command  
  27  3:01  Hellion x2  
  31  3:05  Marine  
  34  3:21  Widow Mine x2  
  34  3:23  Marine  
  34  3:26  Supply Depot  
  40  3:29  Medivac  
  43  3:44  Barracks Tech Lab  
  44  3:51  Liberator, Command Center  
  45  3:58  Hellion x2  
  51  4:08  Supply Depot  
  54  4:25  Supply Depot  
  54  4:29  Marine x2, Siege Tank  
  62  4:47  Marine x2  
  62  4:52  Starport Tech Lab  
  61  5:03  Siege Tank, Orbital Command  
  61  5:05  Marine x2  
  66  5:13  Engineering Bay  
  68  5:15  Engineering Bay  
  70  5:23  Marine  
  72  5:29  Starport Tech Lab  
  72  5:31  Barracks x2  
  72  5:35  Orbital Command  
  74  5:37  Siege Tank  
  81  6:02  Refinery x2, Terran Infantry Armor Level 1, Terran Infantry Weapons Level 1  
  94  6:32  Stimpack  
  90  6:33  Starport Reactor  
  90  6:34  Barracks x2  
  95  6:43  Siege Tank  
  95  6:44  Refinery  
  101  6:50  Refinery  
  101  6:56  Combat Shields  
  108  7:09  Medivac x2  
  112  7:21  Siege Tank  
  121  7:27  Barracks Reactor  
  121  7:28  Barracks Reactor  
  128  7:37  Armory  
  128  7:41  Marauder x2  
  129  7:46  Barracks x2  
  113  7:54  Siege Tank  
  106  8:23  Medivac x2  
  121  8:36  Barracks Reactor  
  121  8:38  Marauder x2  
  121  8:42  Widow Mine x2  
  121  8:46  Command Center  
  130  8:56  Medivac x2  
  140  9:10  Widow Mine x2  
  144  9:23  Barracks Reactor  
  143  9:26  Medivac  
  143  9:31  Medivac  
  151  9:35  Marauder x2  
  155  9:43  Widow Mine  
  157  9:47  Concussive Shells  
  157  9:53  Widow Mine  
Spawning Tool Build Advisor. Get it on Overwolf

Analysis

memes

Go to:

Details

  • Created by: Aggression
  • Published on: Jan 14, 2017
  • Modified on: Jan 14, 2017
  • Patch: 3.8.0
Show
View Real Time Build Order
Export as new Build Order

Comments (0)

There are no comments. Be the first!

Create an account to comment!